 Dungeon Crawl Stone Soup version 0.25-a0-435-g4b9beb1024 (webtiles) character file.

Game seed: 5122542100243295628, levelgen mode: deterministic

35667 kae the Tortoise (level 13, 0/76 HPs)
             Began as a Tengu Transmuter on Jan 24, 2020.
             Was a Believer of Uskayaw.
             Splashed by an oklob plant's acid (9 damage)
             ... on level 4 of the Lair of Beasts on Jan 28, 2020.
             The game lasted 00:40:27 (27094 turns).

kae the Tortoise (Tengu Transmuter)                Turns: 27094, Time: 00:40:27

Health: 0/76       AC:  1    Str: 17    XL:     13   Next: 85%
Magic:  0/20       EV: 25    Int: 19    God:    Uskayaw [**....]
Gold:   1466       SH:  0    Dex: 25    Spells: 9/20 levels left

rFire    . . .     SeeInvis .     - Unarmed
rCold    . . .     Gourm    .   (shield currently unavailable)
rNeg     . . .     Faith    .   H - +2 robe {Archmagi}
rPois    .         Spirit   +   (helmet restricted)
rElec    .         Reflect  .   n - scarf {cloud immunity}
rCorr    .         Harm     .   (gloves currently unavailable)
MR       .....                  (boots unavailable)
Stlth    ++........             f - amulet of Ukirruc {Spirit rF- Str+5 Dex+6}
HPRegen  0.22/turn              B - ring of protection from fire
MPRegen  0.17/turn              z - +6 ring of intelligence

@: blade hands, corroded, flying quickly and evasively, very slightly
contaminated, quick
A: beak, talons 3, able to fly
a: Stop Flying, End Transformation, Stomp, Line Pass, Renounce Religion


You were on level 4 of the Lair of Beasts.
You worshipped Uskayaw.
Uskayaw was noncommittal.
You were not hungry.
You had blades for hands.
You visited 4 branches of the dungeon, and saw 15 of its levels.

You collected 1466 gold pieces.

Inventory:

Hand Weapons
 F - the +9 trident of Mandamus {flame, Str+5 Int+3}
   (You took it off an orc warrior on level 1 of the Orcish Mines)

   It has been specially enchanted to burn those struck by it, causing extra
   injury to most foes and up to half again as much damage against particularly
   susceptible opponents.
   It affects your strength (+5).
   It affects your intelligence (+3).
Missiles
 a - 202 arrows
 s - 77 stones (quivered)
Armour
 e - +0 acid dragon scales
 l - a +1 pair of gloves of archery (melded)
 n - a scarf of cloud immunity (worn)
 r - a +0 robe
 H - a +2 robe of the Archmagi (worn)
Jewellery
 b - a +1 ring of evasion
 c - an uncursed amulet of the acrobat
 f - the amulet of Ukirruc (around neck) {Spirit rF- Str+5 Dex+6}
   (You found it on level 9 of the Dungeon)

   [amulet of guardian spirit]

   It causes incoming damage to be split between your health and magic.
   It affects your strength (+5).
   It affects your dexterity (+6).
   It makes you vulnerable to fire.
 g - an uncursed ring of ice
 v - the ring of the Evil One {-Tele +Fly Dex+3 Stlth+}
   (You found it on level 8 of the Dungeon)

   [ring of dexterity]

   It affects your dexterity (+3).
   It lets you fly.
   It prevents most forms of teleportation.
   It makes you more stealthy.
 z - a +6 ring of intelligence (right scythe-like blade)
 B - a ring of protection from fire (left scythe-like blade)
 C - the amulet "Hanacin" {Reflect rC- rN+ MR+ Int+2 SH+2}
   (You took it off an orc priest on level 9 of the Dungeon)

   [amulet of reflection]

   It shields you and reflects attacks.
   It affects your intelligence (+2).
   It makes you vulnerable to cold.
   It protects you from negative energy.
   It affects your resistance to hostile enchantments.
   It affects your SH (+2).
Wands
 k - a wand of paralysis (17)
 o - a wand of digging (7)
 q - a wand of flame (11)
 x - a wand of disintegration (6)
 A - a wand of random effects (4)
Scrolls
 i - 3 scrolls of teleportation
 t - 2 scrolls of enchant armour
 w - 2 scrolls of remove curse
 y - a scroll of blinking
 G - 2 scrolls of summoning
Potions
 h - 2 potions of brilliance
 j - a potion of magic
 p - a potion of mutation
 D - a potion of resistance {unknown}
 E - a potion of agility {unknown}
 I - a potion of ambrosia {unknown}
Comestibles
 d - 28 rations


   Skills:
 + Level 7.4 Fighting
 - Level 15.3 Armour
 - Level 9.0 Dodging
 - Level 13.1 Unarmed Combat
 - Level 4.0 Spellcasting
 - Level 7.0 Transmutations
 + Level 7.1 Invocations
 - Level 5.0 Evocations


You had 9 spell levels left.
You knew the following spells:

 Your Spells              Type           Power        Failure   Level  Hunger
a - Beastly Appendage     Tmut           #####.       14%         1    None
b - Sticks to Snakes      Tmut           #####...     16%         2    ##.....
c - Spider Form           Tmut/Pois      ####......   45%         3    ###....
d - Blade Hands           Tmut           #####.....   65%         5    ######.

Your spell library contained the following spells:

 Spells                   Type           Power        Failure   Level  Hunger
 Sting                    Tmut/Pois      ####         26%         1    None
 Animate Skeleton         Necr           N/A          54%         1    None
 Apportation              Tloc           #.....       54%         1    None
 Corona                   Hex            #......      54%         1    None
 Pain                     Necr           #...         54%         1    None
 Shock                    Conj/Air       #...         54%         1    None
 Summon Small Mammal      Summ           #...         54%         1    None
 Ignite Poison            Fire/Tmut/Pois ###.....     56%         3    ###....
 Poisonous Vapours        Pois/Air       #.....       63%         2    ##.....
 Swiftness                Chrm/Air       #.......     63%         2    ##.....
 Ice Form                 Ice/Tmut       ####....     75%         4    ####...
 Mephitic Cloud           Conj/Pois/Air  #.......     80%         3    ###....
 Static Discharge         Conj/Air       #.......     80%         3    ###....
 Vampiric Draining        Necr           #.........   80%         3    ###....
 Airstrike                Air            #.........   98%         4    ####...
 Animate Dead             Necr           N/A          98%         4    ####...
 Olgreb's Toxic Radiance  Pois           #.......     98%         4    ####...
 Agony                    Necr           #.......     100%        5    ######.
 Lightning Bolt           Conj/Air       #.........   100%        5    ######.


Dungeon Overview and Level Annotations

Branches:
Dungeon (9/15)             Temple (1/1) D:5            Lair (4/6) D:8
  Swamp (0/4) Lair:3       Spider (0/4) Lair:3          Orc (1/2) D:9

Altars:
Ashenzari
Cheibriados
Dithmenos
Elyvilon
Fedhas
Gozag
Hepliaklqana
Kikubaaqudgha
Makhleb
Nemelex Xobeh
Okawaru
Qazlal
Ru
Sif Muna
Trog
Uskayaw
Vehumet
Wu Jian
Xom
Yredelemnul
Zin
The Shining One
Beogh
Lugonu

Annotations:
D:6 3 runed translucent doors, EtherCrawl's ghost, novice FoFi; Thantalas's ghost, novice FeBe; kae's ghost, novice DrTm
D:9 1 runed translucent door
Lair:2 exclusions: hydra and oklob plant
Lair:4 exclusion: 5 oklob plants, Rupert


Innate Abilities, Weirdness & Mutations

You have a beak for a mouth.
You have claws for feet.
You can fly continuously.


Message History

The oklob plant spits acid at you. The splash of acid hits you!
You are splashed with acid!
You shred the oklob plant!!!
You claw the oklob plant, but do no damage.
The oklob plant is severely damaged.
You hit the oklob plant.
You claw the oklob plant, but do no damage.
The oklob plant is severely damaged.
The oklob plant spits acid at you. The splash of acid hits you!
The acid corrodes you!
You are splashed with acid!
You can now pass through a line of other dancers.
You slice the oklob plant!!
You destroy the oklob plant!
The oklob plant spits acid at you. The splash of acid misses you.
The oklob plant spits acid at you. The splash of acid hits you!
* * * LOW HITPOINT WARNING * * *
You are splashed with acid!
You die...

..# ###..#.....####.#####...##.#.
..###P..##.....###### ###...####.
...#P..###....###PP.###P#...# ##.
..###..##.....###....P.>'...###..
..###..##P......#......##....##..
...#P...#.....#.##..P####...###..
..####.##....^.#.....P##....####.
..รท##P..#.............###...##.##
..#.....##.....#@P.PP#......###..
...............#...((#...........
###.##.###P#..##|P)..####.#####P#
# ###### #######...P$# ### ###
#.$$..# #.P$(.# #######


You could see 3 oklob plants.

Vanquished Creatures
  An orc warlord (Orc:1)
  A catoblepas (Lair:3)
  Erica (D:9)
  A two-headed ogre (D:8)
  2 hydras
  A queen ant (Lair:3)
  An orc high priest (Orc:1)
  A wizard (D:9)
  2 orc knights (Orc:1)
  An oklob plant (Lair:4)
  An ugly thing (D:9)
  2 orc sorcerers (Orc:1)
  Joseph (D:8)
  4 elephants (Lair:3)
  A black mamba (Lair:2)
  11 spiny frogs
  A rime drake (Lair:3)
  3 komodo dragons
  3 trolls
  4 polar bears (Lair:3)
  2 hornets (D:9)
  8 blink frogs (Lair:3)
  5 hippogriffs
  2 redbacks (Lair:3)
  A spriggan (D:7)
  A wyvern (Lair:2)
  31 yaks
  A vampire (D:9)
  2 basilisks (Lair:1)
  5 soldier ants (Lair:3)
  2 acid dragons (D:9)
  6 water moccasins
  A floating eye (Lair:4)
  10 porcupines
  18 orc warriors
  2 sky beasts
  An eye of draining (D:9)
  An ice beast (D:7)
  2 ogres (D:4)
  6 black bears
  A phantom (D:6)
  3 wolves
  12 crocodiles
  6 bullfrogs
  A gnoll sergeant (D:8)
  7 scorpions
  3 wights
  12 killer bees
  5 howler monkeys
  9 electric eels
  2 bullfrog zombies
  3 crimson imps
  9 hounds
  A quasit (D:4)
  2 jellies
  A gnoll shaman (D:8)
  14 orc priests
  A centaur skeleton (D:8)
  3 bullfrog skeletons
  3 iguanas
  15 orc wizards
  20 worker ants
  A hound skeleton (D:6)
  11 gnolls
  11 adders
  4 shadow imps
  6 adder skeletons
  3 worms
  A dart slug (D:2)
  3 leopard geckos
  47 orcs
  3 bats (D:2)
  6 giant cockroaches
  6 goblins
  7 hobgoblins
  4 jackals
  7 quokkas
  A ball python zombie (D:6)
  7 frilled lizards
  7 kobolds
  A quokka skeleton (D:4)
  8 rats
  A plant (Lair:4)
428 creatures vanquished.

Vanquished Creatures (collateral kills)
  A phantom (D:5)
  A sky beast (D:6)
  A centaur (D:6)
  A leopard gecko (D:7)
4 creatures vanquished.

Vanquished Creatures (others)
  A worker ant (D:6)
  3 bushes (Lair:4)
  8 fungi
  23 plants
35 creatures vanquished.

Grand Total: 467 creatures vanquished

Notes
Turn   | Place    | Note
-------+----------+-------------------------------------------
     0 | D:1      | kae the Tengu Transmuter began the quest for the Orb.
     0 | D:1      | Reached XP level 1. HP: 12/12 MP: 4/4
   122 | D:1      | Reached XP level 2. HP: 10/16 MP: 4/6
   790 | D:2      | Reached XP level 3. HP: 20/20 MP: 5/7
   815 | D:2      | Learned a level 2 spell: Sticks to Snakes
   819 | D:2      | Learned a level 3 spell: Spider Form
   844 | D:2      | You fall into a shaft and drop 2 floors!
   894 | D:4      | Found an iron altar of Okawaru.
  1308 | D:2      | Reached XP level 4. HP: 25/25 MP: 6/8
  1395 | D:2      | Found a shimmering altar of Xom.
  1501 | D:2      | Reached skill level 5 in Unarmed Combat
  1519 | D:2      | Found a burning altar of Makhleb.
  2510 | D:4      | Noticed an ogre
  2520 | D:4      | Killed an ogre
  2520 | D:4      | Gained mutation: You can fly continuously. [Tengu growth]
  2520 | D:4      | Reached XP level 5. HP: 8/29 MP: 0/9
  2877 | D:4      | Reached XP level 6. HP: 24/34 MP: 8/10
  3273 | D:4      | Found a basalt altar of Yredelemnul.
  3318 | D:4      | HP: 1/34 [gnoll/+0 halberd (14)]
  3806 | D:5      | Entered Level 5 of the Dungeon
  3856 | D:5      | Reached XP level 7. HP: 25/38 MP: 11/11
  4340 | D:5      | Found a shadowy altar of Dithmenos.
  4980 | D:5      | Found an ornate altar of the Wu Jian Council.
  5115 | D:5      | Found a staircase to the Ecumenical Temple.
  5232 | Temple   | Entered the Ecumenical Temple
  5272 | Temple   | Became a worshipper of Uskayaw the Reveler
  5341 | D:5      | Reached * piety under Uskayaw
  5466 | D:5      | Reached ** piety under Uskayaw
  5813 | D:6      | Found a shattered altar of Ashenzari.
  6018 | D:6      | Reached XP level 8. HP: 16/43 MP: 12/12
  6232 | D:6      | Found a hazy altar of Hepliaklqana.
  6590 | D:6      | Found a runed translucent gate.
  6595 | D:6      | Found a runed translucent gate.
  6596 | D:6      | Found a runed translucent gate.
  6597 | D:6      | Noticed EtherCrawl's ghost (novice FoFi)
  6597 | D:6      | Noticed Thantalas's ghost (novice FeBe)
  6597 | D:6      | Noticed kae's ghost (novice DrTm)
  7000 | D:7      | Reached skill level 5 in Transmutations
  7171 | D:7      | Reached *** piety under Uskayaw
  7305 | D:7      | Reached skill level 10 in Unarmed Combat
  7342 | D:7      | Found a sacrificial altar of Ru.
  7700 | D:7      | Reached XP level 9. HP: 47/47 MP: 9/13
  8149 | D:8      | Noticed Joseph
  8153 | D:8      | Noticed a two-headed ogre
  8524 | D:8      | Reached **** piety under Uskayaw
  8526 | D:8      | Killed a two-headed ogre
  8966 | D:7      | Reached XP level 10. HP: 12/52 MP: 11/14
  9489 | D:8      | Found a staircase to the Lair.
  9521 | D:8      | Found a shimmering altar of Xom.
  9524 | D:8      | Got a coiled lapis lazuli ring
  9570 | D:8      | Killed Joseph
  9864 | D:8      | Identified the ring of the Evil One {-Tele +Fly Dex+3
                  | Stlth+} (You found it on level 8 of the Dungeon)
 11115 | D:9      | Found a white marble altar of Elyvilon.
 11115 | D:9      | Found a runed translucent door.
 11115 | D:9      | Noticed an angel
 11452 | D:9      | Reached skill level 5 in Fighting
 11632 | D:9      | Found a staircase to the Orcish Mines.
 11676 | D:9      | Reached skill level 1 in Invocations
 11679 | D:9      | Reached ***** piety under Uskayaw
 11685 | D:9      | Noticed Erica
 11689 | D:9      | Reached ****** piety under Uskayaw
 11701 | D:9      | Killed Erica
 11973 | D:9      | Found an ancient bone altar of Kikubaaqudgha.
 11974 | D:9      | Found a blossoming altar of Fedhas.
 12039 | D:9      | Reached XP level 11. HP: 15/63 MP: 15/15
 12050 | D:9      | Reached skill level 5 in Invocations
 12278 | D:9      | HP: 3/63 [troll (9)]
 12541 | D:9      | Noticed a brown ugly thing
 12551 | D:9      | Noticed a wizard
 13052 | D:9      | Killed a wizard
 13052 | D:9      | Reached skill level 5 in Dodging
 13516 | D:9      | Identified the amulet "Hanacin" {Reflect rC- rN+ MR+ Int+2
                  | SH+2}
 13687 | D:9      | Got a translucent bronze amulet
 13925 | D:9      | Identified the amulet of Ukirruc {Spirit rF- Str+5 Dex+6}
                  | (You found it on level 9 of the Dungeon)
 14310 | D:9      | Found a glowing silver altar of Zin.
 14321 | D:9      | Found a radiant altar of Vehumet.
 14369 | D:9      | Found a glowing golden altar of the Shining One.
 14434 | D:9      | Found a white marble altar of Elyvilon.
 14654 | D:9      | Learned a level 5 spell: Blade Hands
 14814 | D:9      | Killed a brown ugly thing
 14854 | Lair:1   | Entered Level 1 of the Lair of Beasts
 14904 | Lair:1   | Reached skill level 1 in Armour
 14983 | Lair:1   | Found a bloodstained altar of Trog.
 15104 | Lair:1   | Reached skill level 2 in Armour
 15300 | Lair:1   | Reached skill level 3 in Armour
 15306 | Lair:1   | Reached skill level 4 in Armour
 15541 | Lair:1   | Reached skill level 5 in Armour
 15577 | Lair:1   | Reached skill level 6 in Armour
 15586 | Lair:1   | Reached skill level 7 in Armour
 16032 | Lair:1   | Reached skill level 8 in Armour
 16097 | Lair:1   | Reached skill level 9 in Armour
 16117 | Lair:1   | HP: 3/63 [poisoned by a spiny frog]
 16123 | Lair:1   | HP: 2/63 [poisoned by a spiny frog]
 16131 | Lair:1   | HP: 2/63 [poisoned by a spiny frog]
 16453 | Lair:1   | Reached skill level 10 in Armour
 16476 | Lair:1   | Reached skill level 11 in Armour
 16476 | Lair:1   | Reached XP level 12. HP: 68/68 MP: 16/16
 16718 | Lair:1   | Noticed a four-headed hydra
 16730 | Lair:1   | Killed a four-headed hydra
 16730 | Lair:1   | Reached skill level 12 in Armour
 17841 | Orc:1    | Entered Level 1 of the Orcish Mines
 18334 | Orc:1    | Noticed an orc warlord
 18368 | D:9      | Reached skill level 13 in Armour
 18741 | Orc:1    | Killed an orc warlord
 18741 | Orc:1    | Reached skill level 14 in Armour
 19352 | Orc:1    | Identified the +9 trident of Mandamus {flame, Str+5 Int+3}
 20694 | Orc:1    | Noticed an orc high priest
 20743 | Orc:1    | Paralysed by an orc sorcerer for 6 turns
 20752 | Orc:1    | Reached skill level 15 in Armour
 20915 | Orc:1    | Found a roughly hewn altar of Beogh.
 20931 | Orc:1    | Killed an orc high priest
 21371 | Lair:2   | Found a blossoming altar of Fedhas.
 21434 | Lair:2   | Noticed an eight-headed hydra
 21455 | Lair:2   | Reached skill level 1 in Evocations
 22423 | Lair:3   | Found a hole to the Spider Nest.
 22556 | Lair:3   | Noticed a catoblepas
 22608 | Lair:3   | Reached XP level 13. HP: 17/73 MP: 6/18
 23297 | Lair:3   | Found a staircase to the Swamp.
 25597 | Lair:3   | Upgraded the game from 0.25-a0-426-g7d9e569eea to
                  | 0.25-a0-435-g4b9beb1024
 26249 | Lair:4   | Noticed Rupert
 26769 | Lair:4   | Reached skill level 5 in Evocations
 27094 | Lair:4   | Splashed by an oklob plant's acid

Levels and vault maps discovered:
D:1:      dpeg_arrival_simpleton_b, layout_rooms
D:2:      layout_basic, lemuel_doored_altar, lightli_temple_of_fire,
          grunt_ministairs_10
D:3:      layout_loops_ring, first_ration
D:4:      layout_basic, kennysheep_little_box, nicolae_overflow_hidden_temple
D:5:      layout_cave_pods, nicolae_dithmenos_shadow_blocks,
          kennysheep_mini_moat, minmay_temple_entry_large_hall,
          minmay_diced_spiral
D:6:      layout_cave_pools, lemuel_crystal_altar, nicolae_ashenzari_panopticon,
          gammafunk_ghost_cemetery, hangedman_decor_clover_reticule,
          minmay_misc_feat_nine_boxes, nrook_campfire
D:7:      layout_gridville, nicolae_ru_the_path_less_chosen, the_bakery,
          due_unseen_surprise
D:8:      layout_cave_pools, minmay_lair_entry_grove, serial_gnoll_camp,
          gnoll_camp_mini_house, gnoll_camp_mini_loothouse,
          gnoll_camp_mini_basic, gnoll_camp_mini_hut, basic_altar, uniq_joseph
D:9:      minmay_the_grid_triangle_9x9_recursive_2_mashed
          [minmay_the_grid_triangle_9x9_prize_center,
          minmay_the_grid_triangle_9x9_dagger,
          minmay_the_grid_triangle_9x9_pentomino_pain,
          minmay_the_grid_triangle_9x9_from_above], layout_long_grid,
          grunt_temple_overflow_growth_and_decay, tso_altar, marbit_many_paths,
          minitemple, hiddenorc2_lemuel, lemuel_angel_altar, uniq_erica
Temple:   corrupted_temple
Lair:1:   layout_layer_cave, basic_altar, beast_lair_carwin_1,
          grunt_megastairs_2, serial_bayou_shore_b, serial_bayou_shore_b
Lair:2:   layout_long_grid, gauntlet_entry_generic, tgw_fedhas,
          serial_bayou_shore_a, grunt_megastairs_1
Lair:3:   beast_lair_carwin_large_2, layout_chaotic_city,
          minmay_swamp_entry_eels, spider_nest_entry_webs,
          minmay_another_anthill
Lair:4:   layout_regular_city, cheibrodos_lair_caveside_slide, disabler_island,
          minmay_lair_oklob_chamber, grunt_megastairs_4, uniq_rupert
Orc:1:    orc_temple, layout_caves

Skill      XL: |  1  2  3  4  5  6  7  8  9 10 11 12 13 |
---------------+----------------------------------------+-----
Unarmed Combat | 4 5 6 7 8 10 12 13 | 13.1
Transmutations | 2 3 4 5 6 7 |  7.0
Fighting       | 5 7 |  7.4
Invocations    | 4 5 7 |  7.1
Dodging        | 7 9 |  9.0
Armour         | 11 15 | 15.3
Evocations     | 1 5 |  5.0
Spellcasting   | 4 |  4.0

Action                   |  1- 3 |  4- 6 |  7- 9 | 10-12 | 13-15 || total
-------------------------+-------+-------+-------+-------+-------++-------
Melee: Unarmed           |    82 |   129 |   238 |   651 |   247 ||  1347
       Kick              |    16 |    36 |    55 |   204 |   127 ||   438
       Peck              |     9 |    16 |    34 |   130 |    69 ||   258
       Headbutt          |     4 |     6 |    28 |    72 |    44 ||   154
       Punch             |       |     2 |     7 |    44 |    27 ||    80
 Cast: Beastly Appendage |    21 |    14 |    36 |    57 |    27 ||   155
       Sticks to Snakes  |       |     1 |     7 |       |       ||     8
       Spider Form       |       |     2 |     6 |    15 |       ||    23
       Blade Hands       |       |       |       |     7 |    10 ||    17
Invok: Stomp             |       |       |       |     3 |     9 ||    12
       Line Pass         |       |       |       |     2 |     1 ||     3
 Abil: Fly               |       |       |       |       |     1 ||     1
Evoke: Wand              |       |       |     5 |    16 |    25 ||    46
  Use: Scroll            |     4 |     6 |    10 |    12 |     1 ||    33
       Potion            |       |     1 |       |    12 |     2 ||    15
 Stab: Sleeping          |     1 |       |       |     2 |       ||     3
       Distracted        |       |       |     1 |     1 |       ||     2
       Paralysed         |       |       |       |    32 |    25 ||    57
  Eat: Chunk             |     2 |     9 |    15 |    35 |    14 ||    75
       Ration            |       |       |     1 |     4 |     2 ||     7
Armor: Robe              |    17 |    50 |    26 |    36 |    24 ||   153
       Skin              |       |       |     1 |    18 |       ||    19
Dodge: Dodged            |    55 |   109 |   181 |   416 |   231 ||   992

Table legend:
 A = Non-vault XP
 B = Vault XP
 C = Vault XP percentage of total XP
 D = Non-vault monster count
 E = Vault monster count
 F = Vault count percentage of total count
                 A         B        C        D         E       F
            +---------+---------+-------+---------+---------+-------
      Total |   26686 |   24268 |  47.6 |     261 |     170 |  39.4
            +---------+---------+-------+---------+---------+-------
        D:1 |      24 |       0 |   0.0 |      15 |       0 |   0.0
        D:2 |      64 |       2 |   3.0 |      18 |       1 |   5.3
        D:3 |      40 |       2 |   4.8 |      17 |       1 |   5.6
        D:4 |     422 |       0 |   0.0 |      23 |       0 |   0.0
        D:5 |     401 |      87 |  17.8 |      12 |       2 |  14.3
        D:6 |     663 |       0 |   0.0 |      12 |       0 |   0.0
        D:7 |    1155 |     651 |  36.0 |      24 |       5 |  17.2
        D:8 |    1385 |    1917 |  58.1 |      11 |      24 |  68.6
        D:9 |    2308 |    4167 |  64.4 |      38 |      49 |  56.3
     Lair:1 |    4722 |    3188 |  40.3 |      20 |       9 |  31.0
     Lair:2 |    1960 |     274 |  12.3 |      11 |       2 |  15.4
     Lair:3 |    7603 |    5823 |  43.4 |      26 |      45 |  63.4
     Lair:4 |    4212 |    1943 |  31.6 |      17 |       7 |  29.2
      Orc:1 |    1727 |    6214 |  78.3 |      17 |      25 |  59.5
            +---------+---------+-------+---------+---------+-------
